 Dungeon Crawl Stone Soup version 0.29.1-12-g30fa7ad0bf (webtiles) character file.

Game seed: 5443339029638595654

893 cheesebisquit the Cleaver (level 7, -2/59 HPs)
             Began as a Minotaur Berserker on Dec 31, 2022.
             Was a Priest of Trog.
             Killed by divine providence
             ... invoked by an orc priest
              (9 damage)
             ... on level 5 of the Dungeon.
             The game lasted 00:14:25 (4730 turns).

cheesebisquit the Cleaver (Minotaur Berserker)      Turns: 4730, Time: 00:14:25

Health: -2/59      AC:  7    Str: 23    XL:     7   Next: 78%
Magic:  0/6        EV: 11    Int:  4    God:    Trog [***...]
Gold:   136        SH:  0    Dex: 10    Spells: 6/6 levels left

rFire   . . .      SeeInvis .   a - +0 hand axe
rCold   . . .      Faith    .   (no shield)
rNeg    . . .      Spirit   +   h - +0 ring mail
rPois   .          Reflect  .   s - +2 hat
rElec   .          Harm     .   (no cloak)
rCorr   .          Rampage  .   (no gloves)
Will    .....                   (no boots)
Stlth   ..........              k - amulet of guardian spirit
HPRegen 0.19/turn               (no ring)
MPRegen 0.10/turn               (no ring)

@: on berserk cooldown, slowed, very slow
A: horns 2, retaliatory headbutt
a: Renounce Religion, Berserk, Trog's Hand


You were on level 5 of the Dungeon.
You worshipped Trog.
Trog was most pleased with you.
You visited 1 branch of the dungeon, and saw 5 of its levels.

You collected 136 gold pieces.

Inventory:

Hand Weapons
 a - a +0 hand axe (weapon)
 g - a +2 mace of protection
 j - a +0 sling
Missiles
 o - 6 poisoned darts (quivered)
Armour
 b - a +0 animal skin
 h - a +0 ring mail (worn)
 s - a +2 hat (worn)
Jewellery
 k - an amulet of guardian spirit (around neck)
Wands
 n - a wand of digging (4)
 v - a wand of flame (32)
Scrolls
 c - a scroll of poison {unknown}
 d - a scroll of summoning {unknown}
 e - a scroll of enchant armour {unknown}
 l - a scroll of torment {unknown}
 p - a scroll of teleportation {unknown}
 t - 2 scrolls of vulnerability
 u - 2 scrolls of blinking {unknown}
Potions
 f - a potion of mutation
 i - a potion of heal wounds {unknown}
 m - 3 potions of curing
 q - a potion of berserk rage {unknown}
 r - a potion of flight {unknown}
 w - a potion of haste {unknown}


   Skills:
 - Level 4.0 Fighting
 + Level 10.8 Axes
 - Level 3.0 Armour
 - Level 2.8 Dodging


You had 6 spell levels left.
You didn't know any spells.
Your spell library was empty.

Dungeon Overview and Level Annotations

Branches:
Dungeon (5/15)             Temple (0/1) D:5

Altars:
Dithmenos
Trog
Zin

Shops:
D:5 *

Annotations:
D:3 2 runed translucent doors, BiteMe's ghost, weakling DgFE


Innate Abilities, Weirdness & Mutations

You have a pair of horns on your head.
You reflexively headbutt those who attack you in melee.


Message History

Things that are here:
a +0 hand axe; a +0 leather armour You feel the effects of Trog's Hand fading.
The gnoll shouts!
You hear a shout! x4
Things that are here:
a +0 hand axe; a +0 leather armour A gnoll comes into view.
It is wielding a +0 whip.
The gnoll shouts!
The gnoll moves out of view.
You hit the gnoll.
The gnoll is moderately wounded.
An orc priest comes into view. It is wielding a +0 flail.
The gnoll closely misses you. You furiously retaliate!
You headbutt the gnoll!
The orc priest shouts!
You hit the gnoll.
You kill the gnoll!
Trog accepts your kill.
The orc priest calls down the wrath of Beogh upon you.
Beogh smites you!
* * * LOW HITPOINT WARNING * * *
Your skin stops crawling.
You feel less strong-willed.
You completely miss the gnoll. Your headbutt misses the gnoll.
The gnoll hits you but does no damage.
You closely miss the gnoll. The gnoll closely misses you.
You furiously retaliate!
You headbutt the gnoll! You hit the gnoll.
You kill the gnoll!
Trog accepts your kill.
You hit the orc priest.
The orc priest is heavily wounded.
The orc priest calls down the wrath of Beogh upon you.
Pain shoots through your body!
* * * LOW HITPOINT WARNING * * *
You hit the orc priest but do no damage.
The orc priest is heavily wounded.
The orc priest hits you with a +0 flail!
* * * LOW HITPOINT WARNING * * *
The orc priest calls down the wrath of Beogh upon you.
Beogh smites you!
You die...

#. #.# ###.# #.#
####...# #.# ###.
#......# #.###...
#.♣.♣..# #.....#
##..>...# #.....###
#..♣.♣..####........
#.......)....)..#
#.......†..)#@o.#
##.#....†.#)#...#
#.#.#....#.#...#
###.#.#.####.#...#
#.....#.# #.#####
#.#.###.# #.# #.#.#
#.# #.# ###.#.. #..
#.# ....#... .# #.#


You could see an orc priest.

Vanquished Creatures
  A water moccasin (D:4)
  A black bear (D:5)
  An ogre (D:4)
  A phantom (D:4)
  A necrophage (D:5)
  A scorpion (D:4)
  A gnoll bouda (D:4)
  3 hounds
  Jessica (D:3)
  Terence (D:3)
  An iguana (D:5)
  7 gnolls
  2 adders
  3 worms
  5 dart slugs
  4 orcs
  8 ball pythons
  12 endoplasms
  6 giant cockroaches
  11 hobgoblins
  8 jackals
  3 quokkas (D:3)
  5 bats
  9 frilled lizards
  5 goblins
  11 kobolds
  6 rats
118 creatures vanquished.

Vanquished Creatures (others)
  4 plants (D:2)
4 creatures vanquished.

Grand Total: 122 creatures vanquished

Notes
Turn   | Place    | Note
-------+----------+-------------------------------------------
     0 | D:1      | cheesebisquit the Minotaur Berserker began the quest for
                  | the Orb.
     0 | D:1      | Reached XP level 1. HP: 19/19 MP: 0/0
   328 | D:1      | Reached XP level 2. HP: 23/27 MP: 1/1
   678 | D:1      | Reached skill level 4 in Axes
   817 | D:2      | Reached XP level 3. HP: 33/33 MP: 2/2
   833 | D:2      | Reached ** piety under Trog
  1162 | D:2      | Found a faded altar of an unknown god.
  1861 | D:3      | Noticed Terence
  1866 | D:3      | Killed Terence
  1867 | D:3      | Reached skill level 5 in Axes
  1867 | D:3      | Reached XP level 4. HP: 37/40 MP: 1/3
  2110 | D:3      | Found a bloodstained altar of Trog.
  2316 | D:3      | Found a large runed translucent door.
  2317 | D:3      | Found a large runed translucent door.
  2318 | D:3      | Noticed BiteMe's ghost (weakling DgFE)
  2490 | D:3      | Reached skill level 6 in Axes
  2537 | D:3      | Reached *** piety under Trog
  2636 | D:3      | Noticed Jessica
  2640 | D:3      | Killed Jessica
  2641 | D:3      | Reached XP level 5. HP: 46/46 MP: 4/4
  2904 | D:4      | Reached skill level 7 in Axes
  2911 | D:4      | Reached XP level 6. HP: 29/52 MP: 3/5
  3106 | D:4      | Found a shadowy altar of Dithmenos.
  3210 | D:4      | Reached skill level 8 in Axes
  3607 | D:4      | Noticed a water moccasin
  3616 | D:4      | Killed a water moccasin
  3968 | D:4      | Identified the +3 falchion of the Summoning Gods {vamp,
                  | rElec rN+ Int+4 Stlth-}
  4051 | D:4      | Reached skill level 9 in Axes
  4085 | D:4      | Reached XP level 7. HP: 21/59 MP: 1/6
  4456 | D:5      | Entered Level 5 of the Dungeon
  4523 | D:5      | Reached skill level 10 in Axes
  4590 | D:5      | Found Zin's Purification Station.
  4595 | D:5      | Found a glowing silver altar of Zin.
  4680 | D:5      | Found a staircase to the Ecumenical Temple.
  4730 | D:5      | Killed from afar by an orc priest

Illustrated notes

Levels and vault maps discovered:
D:1:      dpeg_arrival_short_road, layout_basic
D:2:      layout_basic, dreamdust_ecumenical_altar_hidden_monk_grotto,
          lexackson_kobold_supper
D:3:      layout_loops_corners, overflow_temple_1_default,
          ebering_ghost_disaster_area, minmay_between, uniq_terence,
          uniq_jessica
D:4:      layout_loops_ring, mainiacjoe_overflow_tiny_flanked,
          roderic_serpentine_path
D:5:      layout_basic, zin_purify, minmay_temple_entry_trees, uniq_pikel

Skill      XL: |  1  2  3  4  5  6  7 |
---------------+----------------------+-----
Fighting       | 4 |  4.0
Axes           | 4 5 6 7 9 10 | 10.8
Armour         | 3 |  3.0
Dodging        | |  2.8

Action                   |  1- 3 |  4- 6 |  7- 9 || total
-------------------------+-------+-------+-------++-------
Melee: Hand axe          |   104 |   127 |    54 ||   285
       Headbutt          |    19 |    15 |     9 ||    43
       Punch             |       |     1 |       ||     1
Invok: Berserk           |     1 |     2 |     1 ||     4
       Trog's Hand       |       |     2 |     1 ||     3
  Use: Scroll            |       |     3 |     1 ||     4
Armor: Animal skin       |     6 |       |       ||     6
       Ring mail         |    16 |    47 |    22 ||    85
Dodge: Dodged            |    55 |    71 |    30 ||   156
